 Dungeon Crawl Stone Soup version 0.27-a0-1188-g73eefd5def (console) character file.

Game seed: 13415220775342935212

312 jejorda2 the Poker (level 6, -5/49 HPs)
             Began as a Merfolk Berserker on May 20, 2021.
             Was a Believer of Trog.
             Slain by an ogre
             ... wielding a +0 giant club
              (17 damage)
             ... on level 3 of the Dungeon.
             The game lasted 00:05:32 (2832 turns).

jejorda2 the Poker (Merfolk Berserker)              Turns: 2832, Time: 00:05:32

Health: -5/49      AC: 12    Str: 20    XL:     6   Next: 42%
Magic:  6/6        EV:  6    Int:  6    God:    Trog [**....]
Gold:   157        SH:  0    Dex: 13    Spells: 5/5 levels left

rFire    . . .     SeeInvis .   a - +0 trident
rCold    . . .     Faith    +   (no shield)
rNeg     + . .     Spirit   .   u - +0 plate armour
rPois    .         Reflect  .   (no helmet)
rElec    .         Harm     .   (no cloak)
rCorr    .         Rampage  .   h - +0 pair of gloves
Will     .....                  (no boots)
Stlth    ..........             l - amulet of faith
HPRegen  0.16/turn              g - ring of positive energy
MPRegen  0.10/turn              (no ring)

@: on berserk cooldown, hasted and slowed
A: (nimble swimmer 2), mertail
a: Renounce Religion, Berserk, Trog's Hand


You were on level 3 of the Dungeon.
You worshipped Trog.
Trog was pleased with you.
You visited 1 branch of the dungeon, and saw 4 of its levels.

You collected 157 gold pieces.

Inventory:

Hand Weapons
 a - a +0 trident (weapon)
 i - a +0 spear
Armour
 h - a +0 pair of gloves (worn)
 s - a +0 chain mail
 u - a +0 plate armour (worn)
Jewellery
 g - a ring of positive energy (left hand)
 l - an amulet of faith (around neck)
Wands
 p - a wand of polymorph (7)
Scrolls
 d - a scroll of vulnerability {unknown}
Potions
 b - a potion of curing {unknown}
 c - a potion of cancellation {unknown}
 e - a potion of ambrosia {unknown}
 m - 2 potions of lignification
 n - a potion of degeneration {unknown}
 q - 2 potions of magic
 r - a potion of heal wounds {unknown}
 v - a potion of attraction


   Skills:
 + Level 4.7 Fighting
 * Level 7.8 Polearms
 + Level 2.7 Armour
 - Level 2.6 Dodging


You had 5 spell levels left.
You didn't know any spells.
Your spell library was empty.

Dungeon Overview and Level Annotations

Branches:
Dungeon (4/15)
 Temple: D:4-7

Altars:
Kikubaaqudgha
Ru
Yredelemnul


Innate Abilities, Weirdness & Mutations

((You are quick and stealthy near water. (Stealth+, EV+, Speed+++)))
Your lower body shifts to a powerful aquatic tail in water.


Message History

Edmund hits you with a +1 flail of draining.
You partially resist.
You feel drained.
You puncture Edmund!
Edmund is severely wounded.
Edmund barely misses you.
You puncture Edmund!
Edmund is almost dead.
Edmund hits you with a +1 flail of draining.
You partially resist.
You feel drained.
You hit Edmund.
You kill Edmund!
Trog accepts your kill.
Your life force feels restored.
You have reached level 6!
Your experience leads to an increase in your attributes!
Increase (S)trength, (I)ntelligence, or (D)exterity?
You feel stronger.
You puncture the kobold!
You kill the kobold!
Trog accepts your kill.
c - a green potion You feel the effects of Trog's Hand fading.
You feel a strong urge to attack something.
An ogre comes into view. It is wielding a +0 giant club.
You are no longer berserk.
You are exhausted.
You feel yourself slow down.
You see here a scroll labelled TES JOVAMO.
d - a scroll labelled TES JOVAMO Your skin stops crawling.
You feel less strong-willed.
You see here a quokka corpse.
There is a stone staircase leading up here.
The ogre hits you with a +0 giant club!!
You climb upwards.
There is a stone staircase leading down here.
Okay, then.
You feel yourself speed up. The ogre hits you with a +0 giant club!
* * * LOW HITPOINT WARNING * * *
The ogre hits you with a +0 giant club!
You die...

############## ##.....##.....##
##..............##
#................#
#........).......#
#................#
#................#
#................#
#..........>...@.##
##.............O..#########
##.....##......#.........######
#############.................
##....#####....... #..!.#
#....... #..>.########.###
##### #.............### #...#
#....#######<....


You could see an ogre.

Vanquished Creatures
  Edmund (D:4)
  Purgy (D:3)
  4 adders (D:2)
  3 worms (D:2)
  2 dart slugs
  An orc (D:3)
  A ball python (D:2)
  10 bats
  2 endoplasms
  2 giant cockroaches
  6 hobgoblins
  2 quokkas
  A frilled lizard (D:1)
  7 goblins
  9 kobolds
  6 rats
58 creatures vanquished.

Notes
Turn   | Place    | Note
-------+----------+-------------------------------------------
     0 | D:1      | jejorda2 the Merfolk Berserker began the quest for the Orb.
     0 | D:1      | Reached XP level 1. HP: 18/18 MP: 1/1
   223 | D:1      | Reached XP level 2. HP: 20/24 MP: 2/2
   344 | D:1      | Reached skill level 5 in Polearms
   851 | D:1      | Reached XP level 3. HP: 29/29 MP: 3/3
   894 | D:1      | Reached ** piety under Trog
  1343 | D:2      | Reached XP level 4. HP: 37/37 MP: 4/4
  1417 | D:2      | Reached skill level 6 in Polearms
  2129 | D:3      | Found an ancient bone altar of Kikubaaqudgha.
  2134 | D:3      | Found a basalt altar of Yredelemnul.
  2140 | D:3      | Found a sacrificial altar of Ru.
  2236 | D:3      | Noticed Purgy
  2247 | D:3      | Killed Purgy
  2248 | D:3      | Reached skill level 7 in Polearms
  2248 | D:3      | Reached XP level 5. HP: 43/43 MP: 5/5
  2804 | D:4      | Noticed Edmund
  2817 | D:4      | Killed Edmund
  2818 | D:4      | Reached XP level 6. HP: 49/49 MP: 6/6
  2832 | D:3      | Slain by an ogre

Illustrated notes

Levels and vault maps discovered:
D:1:      minmay_arrival_semitransparent, layout_loops_cross
D:2:      layout_basic, st_stairs_2
D:3:      layout_rooms, minitemple, uniq_purgy
D:4:      layout_rooms, uniq_edmund

Skill      XL: |  1  2  3  4 |
---------------+-------------+-----
Polearms       | 5 7 |  7.8
Armour         | 2 |  2.7
Fighting       | 4 |  4.7
Dodging        | |  2.6

Action                   |  1- 3 |  4- 6 || total
-------------------------+-------+-------++-------
Melee: Spear             |   147 |    93 ||   240
       Trident           |       |    19 ||    19
Invok: Berserk           |     1 |     2 ||     3
       Trog's Hand       |       |     1 ||     1
  Use: Scroll            |       |     8 ||     8
       Potion            |       |     1 ||     1
 Stab: Sleeping          |     2 |       ||     2
Armor: Animal skin       |     9 |       ||     9
       Ring mail         |    24 |    11 ||    35
       Chain mail        |       |     7 ||     7
       Plate armour      |       |     4 ||     4
Dodge: Dodged            |    86 |    32 ||   118

Table legend: (Time is in decaauts)
 A = Elapsed time spent in this place.
 B = Non-inter-level travel time spent in this place.
 C = Inter-level travel time spent in this place.
 D = Time resting spent in this place.
 E = Time spent auto-exploring this place.
 F = Levels seen in this place.
 G = Mean time per level.
                   A        B        C        D        E       F      G
               +--------+--------+--------+--------+--------+-----+--------+
         Total |   2814 |   2684 |    130 |    190 |   1977 |   4 |  703.5 |
       Dungeon |   2814 |   2684 |    130 |    190 |   1977 |   4 |  703.5 |
               +--------+--------+--------+--------+--------+-----+--------+

Top non-repeatable levels by time:
     D:2: 1032 daAuts
     D:1: 1014 daAuts
     D:3: 691 daAuts
     D:4: 76 daAuts
